PAA
MERCER ISLAND SCREAMING EAGLES @ SUN PRAIRIE SWALLOWS
08/29/2025
 
TOP OF THE 1ST
Mercer Island Screaming Eagles batting - Pitching for Sun Prairie Swallows : LHP Ramiro García
Pitching: LHP Ramiro García
Batting: LHB Nelson Plasenia 0-0: SINGLE (Line Drive, 4M)
Batting: RHB Luis Jiménez 0-0: Foul Ball, location: 2F
0-1: Foul Ball, location: 2F
0-2: Foul Ball, location: 2F
0-2: Foul Ball, location: 2F
0-2: Fly out, F7 (Flyball, 7S)
Batting: RHB Leonardo Ramírez 0-0: Called Strike
0-1: Fly out, F4 (Popup, 34S)
Batting: SHB Jorge Velázquez 0-0: Ball
1-0: Called Strike
1-1: Swinging Strike
1-2: Foul Ball, location: 2F
1-2: Strikes out swinging
Top of the 1st over - 0 run(s), 1 hit(s), 0 error(s), 1 left on base; Mercer Island 0 - Sun Prairie 0
BOTTOM OF THE 1ST
Sun Prairie Swallows batting - Pitching for Mercer Island Screaming Eagles : LHP Tomiji Saikawa
Pitching: LHP Tomiji Saikawa
Batting: RHB José Silva 0-0: Called Strike
0-1: Ball
1-1: Fly out, F9 (Flyball, 89D)
Batting: RHB Ghislain Vespucci 0-0: Ball
1-0: Called Strike
1-1: Fly out, F1 (Line Drive, 13)
Batting: RHB Bobby Butterfield 0-0: Foul Ball, location: 2F
0-1: Called Strike
0-2: Ball
1-2: Strikes out swinging
Bottom of the 1st over - 0 run(s), 0 hit(s), 0 error(s), 0 left on base; Mercer Island 0 - Sun Prairie 0
TOP OF THE 2ND
Mercer Island Screaming Eagles batting - Pitching for Sun Prairie Swallows : LHP Ramiro García
Batting: RHB Alfredo García 0-0: Foul Ball, location: 2F
0-1: Called Strike
0-2: Ball
1-2: DOUBLE (Line Drive, 8RD)
Batting: RHB Robert Paulsen 0-0: Called Strike
Alfredo García steals 3rd base
0-1: Called Strike
0-2: Ball
1-2: Ball
2-2: Strikes out looking
Batting: LHB Steve Grimes 0-0: Called Strike
0-1: Foul Ball, location: 2F
0-2: Ball
1-2: Ball
2-2: Ball
3-2: Ground out 6-3 (Groundball, 6)
Alfredo García scores
Batting: RHB Marcos Reyes 0-0: Called Strike
0-1: Ball
1-1: Fly out, F3 (Popup, 3D)
Top of the 2nd over - 1 run(s), 1 hit(s), 0 error(s), 0 left on base; Mercer Island 1 - Sun Prairie 0
BOTTOM OF THE 2ND
Sun Prairie Swallows batting - Pitching for Mercer Island Screaming Eagles : LHP Tomiji Saikawa
Batting: RHB Luis Hernández 0-0: Ball
1-0: Called Strike
1-1: Called Strike
1-2: Strikes out swinging
Batting: RHB José Sánchez 0-0: Ball
1-0: Ground out 5-3 (Groundball, 56S)
Batting: RHB Cosmo Bjorkenheim 0-0: Ball
1-0: Ball
2-0: Ball
3-0: Called Strike
3-1: Foul Ball, location: 2F
3-2: Base on Balls
Batting: RHB Alfonso López 0-0: Ball
1-0: Foul Ball, location: 2F
1-1: Ball
2-1: Ball
Wild Pitch!
Cosmo Bjorkenheim to second
3-1: Called Strike
3-2: Ground out 6-3 (Groundball, 6)
Bottom of the 2nd over - 0 run(s), 0 hit(s), 0 error(s), 1 left on base; Mercer Island 1 - Sun Prairie 0
TOP OF THE 3RD
Mercer Island Screaming Eagles batting - Pitching for Sun Prairie Swallows : LHP Ramiro García
Batting: RHB Wade Killefer 0-0: Ball
1-0: Called Strike
1-1: Ball
2-1: Called Strike
2-2: Strikes out swinging
Batting: LHB Nelson Plasenia 0-0: SINGLE (Groundball, 25) (infield hit)
Batting: RHB Luis Jiménez 0-0: Grounds into double play, 5-4-3 (Groundball, 56)
Top of the 3rd over - 0 run(s), 1 hit(s), 0 error(s), 0 left on base; Mercer Island 1 - Sun Prairie 0
BOTTOM OF THE 3RD
Sun Prairie Swallows batting - Pitching for Mercer Island Screaming Eagles : LHP Tomiji Saikawa
Batting: RHB Dan Hart 0-0: Ball
1-0: Bunted foul
1-1: Ball
2-1: Fly out, F9 (Flyball, 9LSF)
Batting: RHB Darby Carveth 0-0: Ball
1-0: Foul Ball, location: 2F
1-1: Ground out 4-3 (Groundball, 4)
Batting: RHB José Silva 0-0: Ball
1-0: SINGLE (Groundball, 5) (infield hit)
Batting: RHB Ghislain Vespucci 0-0: Ball
José Silva is caught stealing 2nd base
Bottom of the 3rd over - 0 run(s), 1 hit(s), 0 error(s), 0 left on base; Mercer Island 1 - Sun Prairie 0
TOP OF THE 4TH
Mercer Island Screaming Eagles batting - Pitching for Sun Prairie Swallows : LHP Ramiro García
Batting: RHB Leonardo Ramírez 0-0: Ball
1-0: Ground out 6-3 (Groundball, 6MS)
Batting: SHB Jorge Velázquez 0-0: Ground out 6-3 (Groundball, 6)
Batting: RHB Alfredo García 0-0: Called Strike
0-1: Ball
1-1: Foul Ball, location: 2F
1-2: Strikes out swinging
Top of the 4th over - 0 run(s), 0 hit(s), 0 error(s), 0 left on base; Mercer Island 1 - Sun Prairie 0
BOTTOM OF THE 4TH
Sun Prairie Swallows batting - Pitching for Mercer Island Screaming Eagles : LHP Tomiji Saikawa
Batting: RHB Ghislain Vespucci 0-0: Ground out 5-3 (Groundball, 56)
Batting: RHB Bobby Butterfield 0-0: Ball
1-0: Called Strike
1-1: Foul Ball, location: 2F
1-2: Foul Ball, location: 2F
1-2: Foul Ball, location: 2F
1-2: DOUBLE (Line Drive, 9LS)
Batting: RHB Luis Hernández 0-0: Called Strike
0-1: Called Strike
0-2: Strikes out looking
Batting: RHB José Sánchez 0-0: Fly out, F7 (Flyball, 7)
Bottom of the 4th over - 0 run(s), 1 hit(s), 0 error(s), 1 left on base; Mercer Island 1 - Sun Prairie 0
TOP OF THE 5TH
Mercer Island Screaming Eagles batting - Pitching for Sun Prairie Swallows : LHP Ramiro García
Batting: RHB Robert Paulsen 0-0: Ball
1-0: Bunt for hit - play at first, batter OUT! 2-3
Batting: LHB Steve Grimes 0-0: Ball
1-0: Ball
2-0: Ball
3-0: Called Strike
3-1: Called Strike
3-2: Base on Balls
Batting: RHB Marcos Reyes 0-0: Called Strike
0-1: Fly out, F7 (Line Drive, 7D)
Batting: RHB Wade Killefer 0-0: Ball
1-0: Ball
2-0: Ball
3-0: Called Strike
3-1: Foul Ball, location: 2F
3-2: Base on Balls
Steve Grimes to second
Batting: LHB Nelson Plasenia 0-0: Fielders Choice at 2nd, 4-6 (Groundball, 4)
Top of the 5th over - 0 run(s), 0 hit(s), 0 error(s), 1 left on base; Mercer Island 1 - Sun Prairie 0
BOTTOM OF THE 5TH
Sun Prairie Swallows batting - Pitching for Mercer Island Screaming Eagles : LHP Tomiji Saikawa
Batting: RHB Cosmo Bjorkenheim 0-0: Ball
1-0: Ball
2-0: Fly out, F7 (Flyball, 7D)
Batting: RHB Alfonso López 0-0: Foul Ball, location: 2F
0-1: Swinging Strike
0-2: Ball
1-2: Ball
2-2: Fly out, F8 (Flyball, 8RS)
Batting: RHB Dan Hart 0-0: Fly out, F9 (Flyball, 9LS)
Bottom of the 5th over - 0 run(s), 0 hit(s), 0 error(s), 0 left on base; Mercer Island 1 - Sun Prairie 0
TOP OF THE 6TH
Mercer Island Screaming Eagles batting - Pitching for Sun Prairie Swallows : LHP Ramiro García
Batting: RHB Luis Jiménez 0-0: Foul Ball, location: 2F
0-1: Ball
1-1: Ground out 5-3 (Groundball, 5)
Batting: RHB Leonardo Ramírez 0-0: SINGLE (Groundball, 34D)
Batting: SHB Jorge Velázquez 0-0: Foul Ball, location: 2F
0-1: Ball
Passed Ball!
Leonardo Ramírez to second
1-1: Foul Ball, location: 2F
1-2: Strikes out swinging
Batting: RHB Alfredo García 0-0: SINGLE (Groundball, 56D)
Leonardo Ramírez to third
Runner from 3rd tries for Home, SAFE, throw made home
Alfredo García to second
Batting: RHB Robert Paulsen 0-0: Ball
1-0: Ball
2-0: Ball
3-0: Base on Balls
Batting: LHB Steve Grimes 0-0: Ball
1-0: Swinging Strike
1-1: Ball
2-1: Swinging Strike
2-2: Ball
3-2: Foul Ball, location: 2F
3-2: Reached on error, E4 (Groundball, 4)
Alfredo García to third
Robert Paulsen to second
Batting: RHB Marcos Reyes 0-0: Called Strike
0-1: Ball
1-1: Called Strike
1-2: Foul Ball, location: 2F
1-2: Ball
2-2: Strikes out looking
Top of the 6th over - 1 run(s), 2 hit(s), 1 error(s), 3 left on base; Mercer Island 2 - Sun Prairie 0
BOTTOM OF THE 6TH
Sun Prairie Swallows batting - Pitching for Mercer Island Screaming Eagles : LHP Tomiji Saikawa
Batting: RHB Darby Carveth 0-0: Ball
1-0: Ground out 5-3 (Groundball, 56S)
Batting: RHB José Silva 0-0: Called Strike
0-1: Foul Ball, location: 2F
0-2: Strikes out looking
Batting: RHB Ghislain Vespucci 0-0: Foul Ball, location: 2F
0-1: Fly out, F9 (Flyball, 9LS)
Bottom of the 6th over - 0 run(s), 0 hit(s), 0 error(s), 0 left on base; Mercer Island 2 - Sun Prairie 0
TOP OF THE 7TH
Mercer Island Screaming Eagles batting - Pitching for Sun Prairie Swallows : LHP Ramiro García
Batting: RHB Wade Killefer 0-0: Ball
1-0: Ball
2-0: SINGLE (Line Drive, 78S)
Batting: LHB Nelson Plasenia 0-0: Ball
1-0: Ball
2-0: Sac Bunt - play at first, batter OUT! U3
Wade Killefer to second
Batting: RHB Luis Jiménez 0-0: DOUBLE (Line Drive, 8LM)
Wade Killefer scores
Batting: RHB Leonardo Ramírez 0-0: Intentional Walk
Batting: SHB Jorge Velázquez 0-0: Foul Ball, location: 2F
0-1: Ball
1-1: 3-RUN HOME RUN (Flyball, 8LXD), Distance : 448 ft
Pitching: RHP Il-gyung Kim
Batting: RHB Alfredo García 0-0: Ball
1-0: Swinging Strike
1-1: Swinging Strike
1-2: Strikes out swinging
Batting: RHB Robert Paulsen 0-0: Called Strike
0-1: Foul Ball, location: 2F
0-2: Foul Ball, location: 2F
0-2: Ball
1-2: Ball
2-2: Strikes out swinging
Top of the 7th over - 4 run(s), 3 hit(s), 0 error(s), 0 left on base; Mercer Island 6 - Sun Prairie 0
BOTTOM OF THE 7TH
Sun Prairie Swallows batting - Pitching for Mercer Island Screaming Eagles : LHP Tomiji Saikawa
Batting: RHB Bobby Butterfield 0-0: Called Strike
0-1: Ball
1-1: Ball
2-1: Foul Ball, location: 2F
2-2: DOUBLE (Line Drive, 7LM)
Batting: RHB Luis Hernández 0-0: Ball
1-0: Fly out, F6 (Popup, 6)
Batting: RHB José Sánchez 0-0: Ball
Bobby Butterfield is caught stealing 3rd base
1-0: Called Strike
1-1: Ball
2-1: Ball
3-1: Base on Balls
Batting: RHB Cosmo Bjorkenheim 0-0: Fly out, F7 (Flyball, 7)
Bottom of the 7th over - 0 run(s), 1 hit(s), 0 error(s), 1 left on base; Mercer Island 6 - Sun Prairie 0
TOP OF THE 8TH
Mercer Island Screaming Eagles batting - Pitching for Sun Prairie Swallows : RHP Il-gyung Kim
Batting: LHB Steve Grimes 0-0: Ball
1-0: Ball
2-0: Fly out, F7 (Flyball, 7)
Batting: RHB Marcos Reyes 0-0: Ball
1-0: Ball
2-0: Called Strike
2-1: Ball
3-1: SINGLE (Groundball, 4MD)
Batting: RHB Wade Killefer 0-0: Ground out 6-3 (Groundball, 6MS)
Marcos Reyes to second
Batting: LHB Nelson Plasenia 0-0: Called Strike
0-1: Called Strike
0-2: Strikes out looking
Top of the 8th over - 0 run(s), 1 hit(s), 0 error(s), 1 left on base; Mercer Island 6 - Sun Prairie 0
BOTTOM OF THE 8TH
Sun Prairie Swallows batting - Pitching for Mercer Island Screaming Eagles : LHP Tomiji Saikawa
Batting: RHB Alfonso López 0-0: Ball
1-0: Foul Ball, location: 2F
1-1: Hit by Pitch
Batting: RHB Dan Hart 0-0: Called Strike
0-1: Ball
1-1: Called Strike
1-2: Ball
2-2: Fly out, F8 (Line Drive, 8RS)
Batting: RHB Darby Carveth 0-0: Foul Ball, location: 2F
0-1: Grounds into double play, 6-4-3 (Groundball, 6)
Bottom of the 8th over - 0 run(s), 0 hit(s), 0 error(s), 0 left on base; Mercer Island 6 - Sun Prairie 0
TOP OF THE 9TH
Mercer Island Screaming Eagles batting - Pitching for Sun Prairie Swallows : RHP Il-gyung Kim
Batting: RHB Luis Jiménez 0-0: Ball
1-0: SINGLE (Groundball, 56D)
Batting: RHB Leonardo Ramírez 0-0: Ball
1-0: Called Strike
1-1: Grounds into double play, 6-4-3 (Groundball, 6)
Batting: SHB Jorge Velázquez 0-0: Foul Ball, location: 2F
0-1: Called Strike
0-2: Ball
1-2: Ground out U3 (Groundball, 34S)
Top of the 9th over - 0 run(s), 1 hit(s), 0 error(s), 0 left on base; Mercer Island 6 - Sun Prairie 0
BOTTOM OF THE 9TH
Sun Prairie Swallows batting - Pitching for Mercer Island Screaming Eagles : LHP Tomiji Saikawa
Batting: RHB José Silva 0-0: Ground out U3 (Groundball, 34S)
Batting: RHB Ghislain Vespucci 0-0: Ground out 5-3 (Groundball, 56)
Batting: RHB Bobby Butterfield 0-0: Called Strike
0-1: Foul Ball, location: 2F
0-2: Strikes out swinging
Bottom of the 9th over - 0 run(s), 0 hit(s), 0 error(s), 0 left on base; Mercer Island 6 - Sun Prairie 0
Friday, December 30th, 2016 - OOTP Baseball 17.12 Build 75